| TOP OF THE 1ST |
|
San Antonio Missions batting - Pitching for Pensacola Blue Wahoos : RHP Chris Galo
|
|
Pitching: RHP Chris Galo
|
|
|
Batting: RHB Wally Cangro
|
0-0: Foul Ball, location: 2F 0-1: Ball 1-1: Foul Ball, location: 2F 1-2: Ground out 5-3 (Groundball, 25, EV 85.0 MPH)
|
|
Batting: SHB Devin Hottenstein
|
0-0: Foul Ball, location: 2F 0-1: Ball 1-1: Ball 2-1: Foul Ball, location: 2F 2-2: Foul Ball, location: 2F 2-2: Ball 3-2: Ground out 6-3 (Groundball, 4MD, EV 91.9 MPH)
|
|
Batting: LHB David Seminario
|
0-0: Ground out 6-3 (Groundball, 6, EV 96.2 MPH)
|
| Top of the 1st over - 0 runs, 0 hits, 0 errors, 0 left on base; San Antonio 0 - Pensacola 0 |
| BOTTOM OF THE 1ST |
|
Pensacola Blue Wahoos batting - Pitching for San Antonio Missions : RHP Jim Canady
|
|
Pitching: RHP Jim Canady
|
|
|
Batting: RHB Dusty Pollert
|
0-0: Called Strike 0-1: Foul Ball, location: 2F 0-2: Foul Ball, location: 2F 0-2: Foul Ball, location: 2F 0-2: Ball 1-2: Foul Ball, location: 2F 1-2: Ball 2-2: Foul Ball, location: 2F 2-2: Ball 3-2: SINGLE (Flyball, 9S, EV 86.2 MPH)
|
|
Batting: RHB Jon Marquez
|
0-0: Ball 1-0: Foul Ball, location: 2F 1-1: Swinging Strike 1-2: Strikes out swinging
|
|
Batting: RHB Juan Reyes
|
0-0: Grounds into double play, 5-4-3 (Groundball, 5L, EV 81.9 MPH)
|
| Bottom of the 1st over - 0 runs, 1 hit, 0 errors, 0 left on base; San Antonio 0 - Pensacola 0 |
| TOP OF THE 2ND |
|
San Antonio Missions batting - Pitching for Pensacola Blue Wahoos : RHP Chris Galo
|
|
Batting: LHB Josh Slusarczyk
|
0-0: Ball 1-0: Called Strike 1-1: Foul Ball, location: 2F 1-2: Foul Ball, location: 2F 1-2: Foul Ball, location: 2F 1-2: DOUBLE (Line Drive, 9LS, EV 98.8 MPH)
|
|
Batting: LHB Javy Portela
|
0-0: Swinging Strike 0-1: Called Strike 0-2: Foul Ball, location: 2F 0-2: Foul Ball, location: 2F 0-2: Strikes out swinging
|
|
Batting: RHB Steve Martin
|
0-0: Called Strike 0-1: Ball 1-1: Swinging Strike 1-2: Ball 2-2: Fly out, F9 (Flyball, 9, EV 96.2 MPH)
|
|
Batting: SHB Olaf Zoeteman
|
0-0: Ball 1-0: Ground out 1-3 (Groundball, P, EV 66.9 MPH)
|
| Top of the 2nd over - 0 runs, 1 hit, 0 errors, 1 left on base; San Antonio 0 - Pensacola 0 |
| BOTTOM OF THE 2ND |
|
Pensacola Blue Wahoos batting - Pitching for San Antonio Missions : RHP Jim Canady
|
|
Batting: LHB Leo Gomez
|
0-0: Swinging Strike 0-1: Ground out 4-3 (Groundball, 4, EV 78.8 MPH)
|
|
Batting: RHB David Clough
|
0-0: DOUBLE (Line Drive, 89XD, EV 98.8 MPH)
|
|
Batting: RHB Tim Wormell
|
0-0: Ball 1-0: Foul Ball, location: 2F 1-1: Ball 2-1: Ground out 1-3 (Groundball, 25, EV 75.6 MPH)
|
|
Batting: LHB Ray Walden
|
0-0: Foul Ball, location: 2F 0-1: Ball 1-1: Called Strike 1-2: Foul Ball, location: 2F 1-2: Ball 2-2: Foul Ball, location: 2F 2-2: Strikes out swinging
|
| Bottom of the 2nd over - 0 runs, 1 hit, 0 errors, 1 left on base; San Antonio 0 - Pensacola 0 |
| TOP OF THE 3RD |
|
San Antonio Missions batting - Pitching for Pensacola Blue Wahoos : RHP Chris Galo
|
|
Batting: RHB Gary Hills
|
0-0: Ball 1-0: Ball 2-0: Called Strike 2-1: Ground out 6-3 (Groundball, 6, EV 90.6 MPH)
|
|
Batting: RHB Francisco Trejo
|
0-0: Foul Ball, location: 2F 0-1: Ball 1-1: Ball 2-1: Bunt missed! 2-2: Ball 3-2: Strikes out swinging, 2-3 out at first.
|
|
Batting: RHB Wally Cangro
|
0-0: Swinging Strike 0-1: SINGLE (Groundball, 15S, EV 63.8 MPH) (infield hit)
|
|
Batting: SHB Devin Hottenstein
|
0-0: Ball 1-0: Ball Wally Cangro steals 2nd base 2-0: Foul Ball, location: 2F 2-1: Foul Ball, location: 2F 2-2: Foul Ball, location: 2F 2-2: 2-RUN HOME RUN (Flyball, 9LD, EV 95.6 MPH), Distance : 350 ft
|
|
Batting: LHB David Seminario
|
0-0: Ball 1-0: Called Strike 1-1: Ball 2-1: Fly out, F8 (Line Drive, 8LM, EV 93.1 MPH)
|
| Top of the 3rd over - 2 runs, 2 hits, 0 errors, 0 left on base; San Antonio 2 - Pensacola 0 |
| BOTTOM OF THE 3RD |
|
Pensacola Blue Wahoos batting - Pitching for San Antonio Missions : RHP Jim Canady
|
|
Batting: SHB Rich Ranaldi
|
0-0: Ball 1-0: Fly out, F7 (Flyball, 7D, EV 105.0 MPH)
|
|
Batting: LHB Nick Nino
|
0-0: SINGLE (Line Drive, 6M, EV 99.4 MPH)
|
|
Batting: RHB Dusty Pollert
|
0-0: Ball 1-0: Ball 2-0: Called Strike 2-1: Foul Ball, location: 2F 2-2: Foul Ball, location: 2F 2-2: Foul Ball, location: 2F 2-2: Ball Nick Nino is caught stealing 2nd base 2-4 3-2: Fly out, F1 (Line Drive, P, EV 65.6 MPH)
|
| Bottom of the 3rd over - 0 runs, 1 hit, 0 errors, 0 left on base; San Antonio 2 - Pensacola 0 |
| TOP OF THE 4TH |
|
San Antonio Missions batting - Pitching for Pensacola Blue Wahoos : RHP Chris Galo
|
|
Batting: LHB Josh Slusarczyk
|
0-0: Called Strike 0-1: Ball 1-1: Ball 2-1: Ground out U3 (Groundball, 3, EV 84.4 MPH)
|
|
Batting: LHB Javy Portela
|
0-0: Ground out 3-1 (Groundball, 34, EV 83.1 MPH)
|
|
Batting: RHB Steve Martin
|
0-0: Foul Ball, location: 2F 0-1: Ground out 5-3 (Groundball, 56, EV 81.9 MPH)
|
| Top of the 4th over - 0 runs, 0 hits, 0 errors, 0 left on base; San Antonio 2 - Pensacola 0 |
| BOTTOM OF THE 4TH |
|
Pensacola Blue Wahoos batting - Pitching for San Antonio Missions : RHP Jim Canady
|
|
Batting: RHB Jon Marquez
|
0-0: Ball 1-0: Foul Ball, location: 2F 1-1: Swinging Strike 1-2: Ground out 4-3 (Groundball, 4M, EV 85.6 MPH)
|
|
Batting: RHB Juan Reyes
|
0-0: Ball 1-0: Ball 2-0: Ground out 1-3 (Groundball, 13S, EV 75.0 MPH)
|
|
Batting: LHB Leo Gomez
|
0-0: Ball 1-0: Ball 2-0: Called Strike 2-1: Fly out, F7 (Flyball, 78M, EV 90.6 MPH)
|
| Bottom of the 4th over - 0 runs, 0 hits, 0 errors, 0 left on base; San Antonio 2 - Pensacola 0 |
| TOP OF THE 5TH |
|
San Antonio Missions batting - Pitching for Pensacola Blue Wahoos : RHP Chris Galo
|
|
Batting: SHB Olaf Zoeteman
|
0-0: Fly out, F7 (Flyball, 7S, EV 92.5 MPH)
|
|
Batting: RHB Gary Hills
|
0-0: Swinging Strike 0-1: Swinging Strike 0-2: Foul Ball, location: 2F 0-2: Ball 1-2: Strikes out swinging
|
|
Batting: RHB Francisco Trejo
|
0-0: Foul Ball, location: 2F 0-1: Foul Ball, location: 2F 0-2: Ball 1-2: SINGLE (Groundball, 34D, EV 108.1 MPH)
|
|
Batting: RHB Wally Cangro
|
0-0: Called Strike 0-1: Ball 1-1: Ball 2-1: Foul Ball, location: 2F 2-2: Ball 3-2: Strikes out swinging
|
| Top of the 5th over - 0 runs, 1 hit, 0 errors, 1 left on base; San Antonio 2 - Pensacola 0 |
| BOTTOM OF THE 5TH |
|
Pensacola Blue Wahoos batting - Pitching for San Antonio Missions : RHP Jim Canady
|
|
Batting: RHB David Clough
|
0-0: Swinging Strike 0-1: Swinging Strike 0-2: SINGLE (Groundball, 6MD, EV 107.5 MPH)
|
|
Batting: RHB Tim Wormell
|
0-0: DOUBLE (Flyball, 8LXD, EV 95.0 MPH) David Clough to third
|
|
Batting: LHB Ray Walden
|
0-0: Ball 1-0: Fly out, F8 (Flyball, 8LM, EV 84.4 MPH)
|
|
Batting: SHB Rich Ranaldi
|
0-0: Called Strike 0-1: Foul Ball, location: 2F 0-2: Foul Ball, location: 2F 0-2: Ball 1-2: Foul Ball, location: 2F 1-2: Ball 2-2: Foul Ball, location: 2F 2-2: Foul Ball, location: 2F 2-2: SINGLE (Line Drive, 8LS, EV 96.2 MPH) David Clough scores Tim Wormell to third Runner from 3rd tries for Home, SAFE, throw by CF to home
|
|
Batting: LHB Nick Nino
|
0-0: Ball 1-0: Ball 2-0: Fly out, F4 (Line Drive, 4M, EV 66.9 MPH)
|
|
Batting: RHB Dusty Pollert
|
0-0: Ball 1-0: Ball 2-0: Ball 3-0: Base on Balls Rich Ranaldi to second
|
|
Batting: RHB Jon Marquez
|
0-0: Ball 1-0: Called Strike 1-1: Ball 2-1: SINGLE (Groundball, 4S, EV 71.2 MPH) (infield hit) Rich Ranaldi to third Dusty Pollert to second
|
|
Batting: RHB Juan Reyes
|
0-0: Called Strike 0-1: Fielders Choice at 2nd, 6-4 (Groundball, 6, EV 91.2 MPH)
|
| Bottom of the 5th over - 2 runs, 4 hits, 0 errors, 3 left on base; San Antonio 2 - Pensacola 2 |
| TOP OF THE 6TH |
|
San Antonio Missions batting - Pitching for Pensacola Blue Wahoos : RHP Chris Galo
|
|
Batting: SHB Devin Hottenstein
|
0-0: Called Strike 0-1: Ball 1-1: Swinging Strike 1-2: Ball 2-2: Ball 3-2: Foul Ball, location: 2F 3-2: Fly out, F8 (Flyball, 8LM, EV 82.5 MPH)
|
|
Pitching: RHP Aaron McArdle
|
|
|
Batting: LHB David Seminario
|
0-0: Ball 1-0: Called Strike 1-1: Ball 2-1: Ground out 4-3 (Groundball, 4, EV 102.5 MPH)
|
|
Batting: LHB Josh Slusarczyk
|
0-0: Ball 1-0: SOLO HOME RUN (Flyball, 78XD, EV 109.4 MPH), Distance : 409 ft
|
|
Batting: LHB Javy Portela
|
0-0: Ball 1-0: Foul Ball, location: 2F 1-1: Ground out 4-3 (Groundball, 4S, EV 91.9 MPH)
|
| Top of the 6th over - 1 run, 1 hit, 0 errors, 0 left on base; San Antonio 3 - Pensacola 2 |
| BOTTOM OF THE 6TH |
|
Pensacola Blue Wahoos batting - Pitching for San Antonio Missions : RHP Jim Canady
|
|
Batting: LHB Leo Gomez
|
0-0: Foul Ball, location: 2F 0-1: Ball 1-1: Called Strike 1-2: Ball 2-2: Strikes out swinging
|
|
Batting: RHB David Clough
|
0-0: Ball 1-0: Ball 2-0: SINGLE (Line Drive, 8LS, EV 105.6 MPH)
|
|
Batting: RHB Tim Wormell
|
0-0: Ball 1-0: Foul Ball, location: 2F 1-1: Ball 2-1: Ball 3-1: Ground out U3 (Groundball, 3L, EV 87.5 MPH) David Clough to second
|
|
Pitching: RHP Nate Ragain
|
|
|
Batting: LHB Ray Walden
|
0-0: Ball 1-0: Called Strike 1-1: Swinging Strike 1-2: Strikes out swinging
|
| Bottom of the 6th over - 0 runs, 1 hit, 0 errors, 1 left on base; San Antonio 3 - Pensacola 2 |
| TOP OF THE 7TH |
|
San Antonio Missions batting - Pitching for Pensacola Blue Wahoos : RHP Aaron McArdle
|
|
Batting: RHB Steve Martin
|
0-0: Ball 1-0: Ball 2-0: Called Strike 2-1: Ball 3-1: Foul Ball, location: 2F 3-2: Strikes out swinging
|
|
Batting: SHB Olaf Zoeteman
|
0-0: Foul Ball, location: 2F 0-1: Ball 1-1: Ground out 4-3 (Groundball, 34, EV 101.9 MPH)
|
|
Batting: RHB Gary Hills
|
0-0: Foul Ball, location: 2F 0-1: Ball 1-1: Ground out U3 (Groundball, 3, EV 91.9 MPH)
|
| Top of the 7th over - 0 runs, 0 hits, 0 errors, 0 left on base; San Antonio 3 - Pensacola 2 |
| BOTTOM OF THE 7TH |
|
Pensacola Blue Wahoos batting - Pitching for San Antonio Missions : RHP Nate Ragain
|
|
Batting: SHB Rich Ranaldi
|
0-0: Ball 1-0: Ball 2-0: Ball 3-0: Base on Balls
|
|
Batting: LHB Nick Nino
|
0-0: Bunt missed! 0-1: Bunted foul 0-2: Grounds into double play, 6-4-3 (Groundball, 56, EV 101.9 MPH)
|
|
Batting: RHB Dusty Pollert
|
0-0: Ball 1-0: Ball 2-0: Ball 3-0: Base on Balls
|
|
Batting: RHB Jon Marquez
|
0-0: Called Strike Dusty Pollert steals 2nd base (no throw) 0-1: Ball 1-1: Foul Ball, location: 2F 1-2: Fly out, F4 (Line Drive, 4, EV 61.9 MPH)
|
| Bottom of the 7th over - 0 runs, 0 hits, 0 errors, 1 left on base; San Antonio 3 - Pensacola 2 |
| TOP OF THE 8TH |
|
San Antonio Missions batting - Pitching for Pensacola Blue Wahoos : RHP Aaron McArdle
|
|
Pitching: LHP Paul Fuller
|
|
|
Batting: RHB Francisco Trejo
|
0-0: Ball 1-0: Foul Ball, location: 2F 1-1: SINGLE (Groundball, 56D, EV 95.6 MPH)
|
|
Batting: RHB Wally Cangro
|
0-0: Ball 1-0: Sac Bunt to 13 - play at first, batter OUT! 1-3 Francisco Trejo to second
|
|
Batting: SHB Devin Hottenstein
|
0-0: Intentional Walk
|
|
Batting: LHB David Seminario
|
0-0: Ball 1-0: Called Strike 1-1: Called Strike 1-2: Strikes out swinging
|
|
Batting: LHB Josh Slusarczyk
|
0-0: Fly out, F8 (Flyball, 8RM, EV 90.0 MPH)
|
| Top of the 8th over - 0 runs, 1 hit, 0 errors, 2 left on base; San Antonio 3 - Pensacola 2 |
| BOTTOM OF THE 8TH |
|
Pensacola Blue Wahoos batting - Pitching for San Antonio Missions : RHP Nate Ragain
|
|
Pitching: RHP Manny Bailon
|
|
|
Batting: RHB Juan Reyes
|
0-0: Ball 1-0: Foul Ball, location: 2F 1-1: Ground out 6-3 (Groundball, 6, EV 90.0 MPH)
|
|
Batting: LHB Leo Gomez
|
0-0: Ball 1-0: Foul Ball, location: 2F 1-1: Foul Ball, location: 2F 1-2: Fly out, F7 (Flyball, 7, EV 90.6 MPH)
|
|
Batting: RHB David Clough
|
0-0: Swinging Strike 0-1: Foul Ball, location: 2F 0-2: Foul Ball, location: 2F 0-2: Reached on error, E4 (Groundball, 34S, EV 84.4 MPH)
|
|
Batting: RHB Tim Wormell
|
0-0: Called Strike 0-1: Ball 1-1: Foul Ball, location: 2F 1-2: Ground out 4-3 (Groundball, 34, EV 88.8 MPH)
|
| Bottom of the 8th over - 0 runs, 0 hits, 1 error, 1 left on base; San Antonio 3 - Pensacola 2 |
| TOP OF THE 9TH |
|
San Antonio Missions batting - Pitching for Pensacola Blue Wahoos : LHP Paul Fuller
|
|
Pitching: RHP Kevin Nabity
|
|
|
Batting: LHB Javy Portela
|
0-0: Ball 1-0: Called Strike 1-1: Foul Ball, location: 2F 1-2: Ball 2-2: Fly out, F7 (Flyball, 78M, EV 80.6 MPH)
|
|
Batting: RHB Steve Martin
|
0-0: Called Strike 0-1: Ground out 5-3 (Groundball, 56S, EV 70.6 MPH)
|
|
Batting: SHB Olaf Zoeteman
|
0-0: Ball 1-0: Fly out, F7 (Flyball, 7D, EV 105.0 MPH)
|
| Top of the 9th over - 0 runs, 0 hits, 0 errors, 0 left on base; San Antonio 3 - Pensacola 2 |
| BOTTOM OF THE 9TH |
|
Pensacola Blue Wahoos batting - Pitching for San Antonio Missions : RHP Manny Bailon
|
|
Pitching: LHP Ed Valdez
|
|
|
Batting: LHB Ray Walden
|
0-0: Swinging Strike 0-1: Called Strike 0-2: Foul Ball, location: 2F 0-2: Foul Ball, location: 2F 0-2: Ball 1-2: Strikes out looking
|
|
Batting: SHB Rich Ranaldi
|
0-0: Ground out 4-3 (Groundball, 4M, EV 98.8 MPH)
|
|
Pinch Hitting: RHB Eric Sullivan
|
0-0: Called Strike 0-1: Swinging Strike 0-2: Foul Ball, location: 2F 0-2: Reached on error, E6 (Groundball, 6, EV 88.1 MPH)
|
|
Batting: RHB Dusty Pollert
|
0-0: Ball 1-0: Ball 2-0: Foul Ball, location: 2F 2-1: Foul Ball, location: 2F 2-2: Ball 3-2: Foul Ball, location: 2F 3-2: SINGLE (Groundball, 6S, EV 66.9 MPH) (infield hit) Eric Sullivan to second
|
|
Batting: RHB Jon Marquez
|
0-0: Ground out 5-3 (Groundball, 56S, EV 84.4 MPH)
|
| Bottom of the 9th over - 0 runs, 1 hit, 1 error, 2 left on base; San Antonio 3 - Pensacola 2 |
|